 Dungeon Crawl Stone Soup version 0.31.0-12-g77e489cdc1 (webtiles) character file.

Game seed: 15030502455608721934

9340 spaghetti the Thaumaturge (level 11, -2/84 HPs)
             Began as a Demonspawn Fire Elementalist on Mar 2, 2024.
             Was the Champion of Cheibriados.
             Killed by an exploding yak (26 damage)
             ... ignited by their inner flame
             ... on level 10 of the Dungeon.
             The game lasted 00:18:14 (9615 turns).

spaghetti the Thaumaturge (DsFE)                    Turns: 9615, Time: 00:18:15

Health: -2/84      AC: 14    Str: 23    XL:     11   Next: 21%
Magic:  25/32      EV: 17    Int: 35    God:    Cheibriados [******]
Gold:   1471       SH:  0    Dex: 39    Spells: 6/26 levels left

rFire   . . .        o - +5 rapier (venom)
rCold   . . .        E - orb {*channel}
rNeg    . . .        n - +1 scale mail of the Ward {Dex+4}
rPois   .            (no helmet)
rElec   .            (no cloak)
rCorr   .            v - +2 pair of gloves
SInv    .            (no boots)
Will    .....        p - amulet of magic regeneration
Stlth   ++           k - +6 ring of dexterity
HPRegen 0.34/turn    g - ring of magical power
MPRegen 0.63/turn

%: channel magic (20%)
@: very slightly contaminated, very slow
A: icy blue scales 2, demonic guardian 2, foul stench 1, demonic touch 2
a: Renounce Religion, Bend Time, Temporal Distortion, Slouch, Step From Time


You were on level 10 of the Dungeon.
You worshipped Cheibriados.
Cheibriados was exalted by your worship.
You visited 1 branch of the dungeon, and saw 10 of its levels.

You collected 1711 gold pieces.
You spent 240 gold pieces at shops.

Inventory:

Hand Weapons
 c - a +2 vampiric scimitar
 o - a +5 rapier of venom (weapon)
Missiles
 s - 5 throwing nets
Armour
 n - the +1 scale mail of the Ward (worn) {Dex+4}
   (You found it on level 2 of the Dungeon)

   Dex+4:     It affects your dexterity (+4).
 v - a +2 pair of gloves (worn)
 E - an orb of energy (worn)
Jewellery
 g - a ring of magical power (right hand)
 h - a ring of resist corrosion
 j - a ring of magical power
 k - a +6 ring of dexterity (left hand)
 p - an amulet of magic regeneration (around neck)
 r - a ring of poison resistance
 B - a +4 ring of protection
Wands
 t - a wand of polymorph (7)
 x - a wand of charming (8)
 D - a wand of mindburst (5)
 H - a wand of iceblast (7)
Scrolls
 b - 4 scrolls of brand weapon
 d - 3 scrolls of teleportation
 e - a scroll of immolation
 f - 2 scrolls of identify
 i - a scroll of enchant armour
 m - a scroll of poison
 u - a scroll of noise
 y - a scroll of torment
 F - a scroll of blinking
 G - a scroll of fear
 J - a scroll of fog
Potions
 a - 2 potions of heal wounds
 l - 2 potions of curing
 q - 2 potions of lignification
 w - a potion of enlightenment
 z - 3 potions of might
 A - a potion of invisibility
 C - a potion of magic
 I - a potion of brilliance
 K - a potion of ambrosia


   Skills:
 * Level 7.6 Fighting
 * Level 3.9 Armour
 * Level 6.0 Dodging
 - Level 1.7 Stealth
 * Level 8.1 Spellcasting
 - Level 1.0 Conjurations
 - Level 3.0 Hexes
 - Level 3.0 Translocations
 - Level 4.0 Fire Magic
 * Level 4.1 Ice Magic
 * Level 4.0 Air Magic
 * Level 7.5 Invocations
 * Level 2.3 Evocations


You had 6 spell levels left.
You knew the following spells:

 Your Spells              Type           Power      Damage    Failure   Level
a - Foxfire               Conj/Fire      100%       2x1d9     10%         1
b - Scorch                Fire           84%        2d8       9%          2
c - Inner Flame           Hex/Fire       38%        N/A       16%         3
d - Volatile Blastmotes   Fire/Tloc      76%        2d16      16%         3
e - Freezing Cloud        Conj/Ice/Air   17%        6-21      71%         5
f - Blink                 Tloc           70%        N/A       11%         2
g - Flame Wave            Conj/Fire      31%        2d9       47%         4

Your spell library contained the following spells:

 Spells                   Type           Power      Damage    Failure   Level
 Freeze                   Ice            100%       1d10      6%          1
 Lesser Beckoning         Tloc           70%        N/A       11%         2
 Frozen Ramparts          Ice            86%        1d13      13%         3
 Mercury Vapours          Alch/Air       56%        N/A       14%         2
 Momentum Strike          Conj/Tloc      56%        3d9       14%         2
 Hailstorm                Conj/Ice       32%        3d8       21%         3
 Mephitic Cloud           Conj/Alch/Air  26%        N/A       26%         3


Dungeon Overview and Level Annotations

Branches:
Dungeon (10/15)            Temple (0/1) D:7            Lair (0/5) D:9
    Orc: D:9-12

Altars:
Cheibriados
Nemelex Xobeh
Qazlal
Ru
Xom

Shops:
D:2 (   D:10 !

Annotations:
D:10 Erica, Fannar


Innate Abilities, Weirdness & Mutations

You are mostly covered in icy blue scales. (AC +3)
A demonic guardian rushes to your aid.
You may rarely emit foul miasma when damaged in melee.
Your touch may inflict irresistible damage on your foes.


Message History

Unknown command.
Unknown command.
Casting: Scorch (safe; 9% risk of failure)
Confirm with . or Enter, or press ? or * to list all spells.
Flames lash the yak.
The yak is heavily wounded.
The yak's fire resistance burns away.
The yak gores your ice devil but does no damage.
The yak barely misses you.
Something hits your ice devil but does no damage.
Your ice devil is constricted.
Your ice devil hits the yak.
Your ice devil freezes the yak!
Fannar hits you but does no damage. Fannar freezes you!
* * * LOW HITPOINT WARNING * * *
The yak misses you.
Unknown command.
Casting: Scorch (safe; 9% risk of failure)
Confirm with . or Enter, or press ? or * to list all spells.
Flames lash the yak.
Flame seeps out of the yak.
The yak is moderately wounded.
The yak's fire resistance burns away.
Magical energy flows into your mind! The yak gores your ice devil!
The yak gores you but does no damage. Something hits your ice devil.
Something burns your ice devil.
Your ice devil is constricted.
Your ice devil dies!
Your ice devil disappears in a puff of smoke!
Fannar misses you.
The yak is engulfed in blazing flames.
Flame seeps out of the yak.
The yak gores you.
* * * LOW HITPOINT WARNING * * *
Unknown command.
Casting: Scorch (safe; 9% risk of failure)
Confirm with . or Enter, or press ? or * to list all spells.
Flames lash the yak.
The yak is burned terribly!
You kill the yak!
Cheibriados appreciates the change of pace.
The yak is engulfed in blazing flames.
Cheibriados appreciates the change of pace.
The yak explodes!
The fiery explosion engulfs you!!
You die...

....##.....#####........
.......##.....#.........
........................
.#.....#.......###......
###...##.........#....#.
##....##................
......##...........#....
............#.....###...
........#.#.....@e§.##...
.##.#...#.#....○○○§...#
..# # ......☼†Y..#..#
#... ......☼...##..# ..#.
.#...###..# .. . #...
...# # ##.. ...## #. ...#
.....


You could see Fannar (combustible) and a yak.

Vanquished Creatures
  The ghost of ChrisAssaf the Sneak, a novice NaCK of Xom (D:7)
  The ghost of hexenhour the Zephyrmancer, a novice DEAE of Vehumet (D:7)
  Maggie (D:7)
  2 shadows
  Sigmund (D:3)
  16 yaks
  Eustachio (D:6)
  3 wyverns (D:9)
  3 wraiths (D:10)
  4 vampire mosquitoes
  Menkaure (D:5)
  4 water moccasins
  A sky beast (D:8)
  2 ice beasts
  4 orc warriors (D:9)
  3 black bears
  An ogre (D:6)
  A phantom (D:6)
  2 centaurs (D:8)
  A kobold brigand (D:9)
  5 bullfrogs
  A scorpion (D:7)
  4 wights (D:7)
  A killer bee (D:7)
  4 howler monkeys
  3 bombardier beetles
  4 jellies
  4 hounds
  7 orc priests
  2 sleepcaps
  2 iguanas
  11 orc wizards
  5 adders
  3 gnolls (D:4)
  A shadow imp (D:4)
  A ribbon worm (D:2)
  30 orcs
  6 ball pythons
  8 bats
  7 endoplasms
  A giant cockroach (D:4)
  2 goblins
  4 hobgoblins
  6 jackals
  7 quokkas
  3 frilled lizards (D:2)
  8 kobolds
  2 rats
195 creatures vanquished.

Vanquished Creatures (collateral kills)
  A wyvern (D:9)
  A yak (D:9)
  A foxfire (D:1)
3 creatures vanquished.

Vanquished Creatures (others)
  515 foxfires
515 creatures vanquished.

Grand Total: 713 creatures vanquished

Notes
Turn   | Place    | Note
-------+----------+-------------------------------------------
     0 | D:1      | spaghetti the Demonspawn Fire Elementalist began the quest
                  | for the Orb.
     0 | D:1      | Reached XP level 1. HP: 13/13 MP: 3/3
   100 | D:1      | Reached skill level 1 in Fighting
   152 | D:1      | Gained mutation: You are partially covered in icy blue
                  | scales. (AC +2) [demonic ancestry]
   152 | D:1      | Reached XP level 2. HP: 21/21 MP: 1/5
   556 | D:1      | Found a faded altar of an unknown god.
   564 | D:1      | Prayed at the altar of an unknown god.
   564 | D:1      | Became a worshipper of Cheibriados the Contemplative
   564 | D:1      | Reached * piety under Cheibriados
  1057 | D:1      | Reached ** piety under Cheibriados
  1422 | D:2      | Reached XP level 3. HP: 27/27 MP: 7/7
  1425 | D:2      | Learned a level 2 spell: Scorch
  1447 | D:2      | Found Taopp's Weapon Shop.
  1946 | D:2      | Identified the +1 scale mail of the Ward {Dex+4}
  2023 | D:2      | Reached skill level 3 in Spellcasting
  2336 | D:3      | Gained mutation: A weak demonic guardian rushes to your
                  | aid. [demonic ancestry]
  2336 | D:3      | Reached XP level 4. HP: 12/34 MP: 1/8
  2371 | D:3      | Learned a level 3 spell: Inner Flame
  2375 | D:3      | Learned a level 3 spell: Volatile Blastmotes
  2457 | D:3      | Identified the +2 robe of Peisis {Int+3}
  2724 | D:3      | Identified a scroll of acquirement
  2724 | D:3      | Acquired 760 gold pieces
  2802 | D:2      | Bought a +2 vampiric scimitar for 240 gold pieces
  3038 | D:3      | Noticed Sigmund
  3042 | D:3      | Killed Sigmund
  3043 | D:3      | Reached skill level 4 in Spellcasting
  3043 | D:3      | Gained mutation: You are mostly covered in icy blue scales.
                  | (AC +3) [demonic ancestry]
  3043 | D:3      | Reached XP level 5. HP: 36/42 MP: 10/11
  3208 | D:3      | Reached *** piety under Cheibriados
  3215 | D:3      | Gained mutation: A demonic guardian rushes to your aid.
                  | [demonic ancestry]
  3215 | D:3      | Reached XP level 6. HP: 48/48 MP: 12/12
  4245 | D:5      | Entered Level 5 of the Dungeon
  4313 | D:5      | Reached skill level 1 in Hexes
  4313 | D:5      | Reached skill level 1 in Translocations
  4629 | D:5      | Gained mutation: Your touch may inflict minor irresistible
                  | damage on your foes. [demonic ancestry]
  4629 | D:5      | Reached XP level 7. HP: 47/55 MP: 14/14
  4683 | D:5      | Noticed a vampire mosquito
  4688 | D:5      | Killed a vampire mosquito
  4840 | D:5      | Noticed Menkaure
  4846 | D:5      | Killed Menkaure
  4847 | D:5      | Reached skill level 1 in Invocations
  4902 | D:5      | Noticed a shadow
  4906 | D:5      | Killed a shadow
  4907 | D:5      | Reached skill level 5 in Spellcasting
  5145 | D:5      | Reached XP level 8. HP: 61/61 MP: 15/15
  5148 | D:5      | Reached **** piety under Cheibriados
  5149 | D:5      | Reached skill level 5 in Fighting
  5451 | D:6      | Found a sparkling altar of Nemelex Xobeh.
  5594 | D:6      | Noticed Eustachio
  5600 | D:6      | Killed Eustachio
  5788 | D:6      | Learned a level 5 spell: Freezing Cloud
  5837 | D:6      | Found a stormy altar of Qazlal.
  5913 | D:7      | Gained mutation: You may rarely emit foul miasma when
                  | damaged in melee. [demonic ancestry]
  5913 | D:7      | Reached XP level 9. HP: 56/69 MP: 17/17
  6000 | D:7      | Found a runed translucent gate.
  6000 | D:7      | Found a runed translucent gate.
  6001 | D:7      | Found a runed translucent gate.
  6017 | D:7      | Found a staircase to the Ecumenical Temple.
  6023 | D:7      | Reached skill level 6 in Spellcasting
  6053 | D:7      | Reached skill level 1 in Ice Magic
  6061 | D:7      | Reached skill level 1 in Air Magic
  6091 | D:7      | Reached skill level 5 in Invocations
  6103 | D:7      | Reached skill level 1 in Armour
  6460 | D:7      | Noticed Maggie
  6470 | D:7      | Killed Maggie
  6528 | D:7      | Noticed ChrisAssaf's ghost (novice NaCK)
  6529 | D:7      | Noticed hexenhour's ghost (novice DEAE)
  6597 | D:7      | Killed hexenhour's ghost
  6597 | D:7      | Reached ***** piety under Cheibriados
  6598 | D:7      | Reached skill level 7 in Spellcasting
  6598 | D:7      | Reached XP level 10. HP: 33/77 MP: 18/20
  6603 | D:7      | Killed ChrisAssaf's ghost
  6604 | D:7      | Reached skill level 5 in Dodging
  6764 | D:7      | Learned a level 2 spell: Blink
  6805 | D:8      | Found a shimmering altar of Xom.
  7766 | D:9      | Found a staircase to the Lair.
  8248 | D:9      | Reached skill level 1 in Evocations
  8254 | D:10     | Entered Level 10 of the Dungeon
  8568 | D:9      | Learned a level 4 spell: Flame Wave
  8577 | D:9      | Reached skill level 8 in Spellcasting
  8592 | D:9      | Gained mutation: Your touch may inflict irresistible damage
                  | on your foes. [demonic ancestry]
  8592 | D:9      | Reached XP level 11. HP: 84/84 MP: 23/23
  9020 | D:9      | Found a sacrificial altar of Ru.
  9182 | D:10     | Found Bifegunt's Distillery.
  9340 | D:10     | Reached ****** piety under Cheibriados
  9440 | D:10     | Identified the beast talisman of Ceojiroa {Dex+3}
  9597 | D:10     | Noticed Fannar
  9604 | D:10     | Noticed Erica
  9615 | D:10     | Killed by an exploding yak... ignited by their inner flame

Illustrated notes

Levels and vault maps discovered:
D:1:      lightli_arrival_maybe_door_vault, layout_loops_cross,
          shapermc_ecumenical_altar_flowoftime
D:2:      layout_loops_ring, serial_shops, nicolae_square_shop
D:3:      layout_basic, uniq_sigmund
D:4:      layout_basic
D:5:      layout_loops_ring, hangedman_feature_mirror, uniq_menkaure
D:6:      layout_gridville, general_overflow_altar, kennysheep_mini_moat,
          uniq_eustachio
D:7:      layout_rooms, minmay_temple_entry_stoned_glass,
          gammafunk_ghost_cemetery, minmay_between, uniq_maggie
D:8:      layout_basic, mainiacjoe_overflow_paths, serial_glass,
          glass_columns_a, glass_columns_a
D:9:      minmay_goldmine, layout_grid_maze, lemuel_crystal_altar,
          minmay_lair_entry_grove
D:10:     layout_cave_pools, kennysheep_little_box, serial_shops,
          nicolae_shop_hallway_stairs, uniq_fannar, uniq_erica

Skill      XL: |  1  2  3  4  5  6  7  8  9 10 11 |
---------------+----------------------------------+-----
Fighting       | 1 2 3 4 5 6 7 |  7.6
Spellcasting   | 3 4 5 7 8 |  8.1
Hexes          | 1 2 3 |  3.0
Translocations | 1 2 3 |  3.0
Fire Magic     | 3 4 |  4.0
Dodging        | 2 4 5 6 |  6.0
Invocations    | 1 4 5 7 |  7.5
Ice Magic      | 2 3 4 |  4.1
Air Magic      | 2 3 4 |  4.0
Armour         | 2 3 |  3.9
Evocations     | 1 2 |  2.3
Stealth        | |  1.7
Conjurations   | |  1.0

Action                     |  1- 3 |  4- 6 |  7- 9 | 10-12 || total
---------------------------+-------+-------+-------+-------++-------
  Melee: Unarmed           |    40 |    12 |       |       ||    52
         Scimitar          |       |    13 |    26 |       ||    39
         Rapier            |       |       |    19 |    21 ||    40
         Touch             |       |       |     9 |     2 ||    11
         Punch             |       |       |     1 |       ||     1
   Cast: Foxfire           |    90 |    25 |    93 |   123 ||   331
         Scorch            |     4 |    49 |    38 |   110 ||   201
         Volatile Blastmot |       |       |     4 |       ||     4
         Inner Flame       |       |       |     1 |     4 ||     5
    Use: Potion            |     2 |       |     7 |       ||     9
         Scroll            |       |     7 |     4 |     4 ||    15
   Stab: Distracted        |       |       |     1 |       ||     1
 Armour: Robe              |    21 |       |       |       ||    21
         Scale mail        |       |    31 |    35 |    91 ||   157
         Skin              |       |       |    59 |       ||    59
  Dodge: Dodged            |    39 |    30 |    36 |   116 ||   221
